 Dungeon Sprint DCSS version 0.19-a0-1827-g174f941 (webtiles) character file.

19200000 Theye the Axe Maniac (level 27, -33/199 HPs)
             Began as a Gargoyle Chaos Knight on Oct 7, 2016.
             Was the Champion of Makhleb.
             Killed by the air
             ... invoked by a tyrant
              (50 damage)
             ... in the Dungeon (Sprint VIII: "Arena of Blood").
             The game lasted 00:03:31 (192 turns).

Theye the Axe Maniac (Gargoyle Chaos Knight)         Turns: 192, Time: 00:03:32

Health: -33/199    AC: 29    Str: 18    XL:     27
Magic:  54/54      EV: 33    Int: 15    God:    Makhleb [******]
Gold:   0          SH:  0    Dex: 18    Spells: 0 memorised, 80 levels left

rFire  . . .     SeeInvis .     j - +∞ Axe of Woe
rCold  . . .     Gourm    .     b - +2 leather armour
rNeg   + . .     Faith    .     (shield currently unavailable)
rPois  ∞         Spirit   .     (no helmet)
rElec  +         Dismiss  .     (no cloak)
rCorr  .         Reflect  .     (no gloves)
MR     ++...     Harm     .     (no boots)
Stlth  +++++++++. NoTele   +    (no amulet)
                                (no ring)
                                (no ring)

@: very slightly contaminated, hasted and slowed
A: big wings, negative energy resistance 1, electricity resistance, unbreathing,
petrification resistance, rot immunity, AC +20
a: Fly, Minor Destruction, Lesser Servant of Makhleb, Major Destruction, Greater
Servant of Makhleb, Renounce Religion


You were in the Dungeon.
You worshipped Makhleb.
Makhleb was exalted by your worship.
You were not hungry.

You visited 1 branch

Inventory:

Hand Weapons
 a - a +0 hand axe of chaos
 j - the +∞ Axe of Woe (weapon)
   (You found it in the Dungeon)
Armour
 b - a +2 leather armour (worn)
Jewellery
 k - a +30 ring of slaying
Potions
 d - a potion of curing
 e - a potion of heal wounds
 g - 2 potions of magic
 h - a potion of berserk rage
Comestibles
 c - a bread ration
 i - a chunk of flesh


   Skills:
 O Level 27 Fighting
 O Level 27 Axes
 O Level 27 Throwing
 O Level 27 Armour
 O Level 27 Dodging
 O Level 27 Stealth
 O Level 27 Unarmed Combat
 O Level 27 Spellcasting
 O Level 27 Invocations


You had 80 spell levels left.
You didn't know any spells.

Dungeon Overview and Level Annotations

Branches:
Dungeon (1/1)

Altars:
Makhleb

Annotations:
D The Defiler


Innate Abilities, Weirdness & Mutations

You are resistant to torment.
Your stone body is resilient. (AC +20)
You are immune to poison.
Your large and strong wings let you fly indefinitely.
You resist negative energy. (rN+)
You are resistant to electric shocks. (rElec)
You can survive without breathing.
You are immune to petrification.
You are immune to rotting.


Message History

The fleshlord appears out of thin air!
A fleshlord comes into view. It is wielding a +9 great mace.
The fleshlord shouts!
You hear a shout! x6
Unknown command.
Unknown command.
Unknown command.
Unknown command.
Unknown command.
Unknown command.
Unknown command.
Unknown command.
Unknown command.
You hear a shout! x7
The eight-headed meat hydra calls on the powers of darkness!
The eight-headed meat hydra convulses!
The fleshlord convulses!
Your body is wracked with pain!
* * * LOW HITPOINT WARNING * * *
The tyrant waves its bony arms in wide circles.
The air twists around and strikes you!
You die...

#=.... ###...D......#_.<.
#.....##....#o......#....
#..D.#....S..o#...))..._.
#....#.V...WSL......).###
#........XXD{.W..###)....
#........§§LX......#.....
#....))§§§W........#.....
#......§§§#..........o.o.
#..p.).§@#)#.#C..........
#...%..)))#.#............
#..###.)%#)#.#.........o.
#....##).)#)#.....#.
#.....#.)).)%.......
#.....).##.).....##.
####.....##)))%.%.%.
####..)))%####...
####.)....%...


You could see a tentacled monstrosity, 2 tyrants, 2 eight-headed meat hydras, a
destroyer, 2 scourges, a fleshlord, 2 large abominations, 3 dreads and 2 bags of
meat.

Vanquished Creatures
  Dispater (D)
  4 hell knights (D)
  Sigmund (D)
  8 hell beasts (D)
  6 greater mummies (D)
  7 great orbs of eyes (D)
  5 wraiths (D)
  9 vampire knights (D)
  31 ogres (D)
  6 liches (D)
  2 hydras (D)
  61 orcs (D)
  7 phantoms (D)
  7 hill giants (D)
  10 skeletal warriors (D)
  5 sea snakes (D)
  7 large abominations (D)
  5 small abominations (D)
  A ball lightning (D)
  14 crawling corpses (D)
197 creatures vanquished.

Vanquished Creatures (others)
  An ogre (D)
  2 orcs (D)
  4 ball lightnings (D)
7 creatures vanquished.

Grand Total: 204 creatures vanquished

Notes
Turn   | Place    | Note
-------+----------+-------------------------------------------
     0 | D        | Theye the Gargoyle Chaos Knight began the quest for the Orb.
     0 | D        | Reached XP level 1. HP: 14/14 MP: 1/1
     3 | D        | Noticed a bag of meat
     3 | D        | Noticed a bag of meat
     4 | D        | Fell from the grace of Xom
     4 | D        | Became a worshipper of Makhleb the Destroyer
     6 | D        | Noticed a meat berserker
     6 | D        | Noticed a bag of meat
     7 | D        | Noticed a meat berserker
     7 | D        | Killed a bag of meat
     7 | D        | Reached skill level 10 in Unarmed Combat
     7 | D        | Reached XP level 2. HP: 34/34 MP: 2/2
     7 | D        | Reached XP level 3. HP: 39/39 MP: 3/3
     7 | D        | Reached XP level 4. HP: 44/44 MP: 4/4
     7 | D        | Reached XP level 5. HP: 49/49 MP: 5/5
     7 | D        | Reached XP level 6. HP: 55/55 MP: 6/6
     7 | D        | Reached XP level 7. HP: 60/60 MP: 7/7
     7 | D        | Reached XP level 8. HP: 65/65 MP: 8/8
     7 | D        | Reached XP level 9. HP: 70/70 MP: 9/9
     7 | D        | Reached XP level 10. HP: 76/76 MP: 10/10
     7 | D        | Reached XP level 11. HP: 80/80 MP: 11/11
     7 | D        | Reached XP level 12. HP: 86/86 MP: 12/12
     8 | D        | Noticed a bag of meat
     8 | D        | Noticed a bag of meat
     9 | D        | Noticed a bag of meat
     9 | D        | Killed a meat berserker
     9 | D        | Reached * piety under Makhleb
     9 | D        | Reached XP level 13. HP: 76/98 MP: 13/13
     9 | D        | Gained mutation: Your large and strong wings let you fly indefinitely. [Gargoyle growth]
     9 | D        | Reached XP level 14. HP: 80/104 MP: 14/14
     9 | D        | Killed a bag of meat
    10 | D        | Killed a meat berserker
    10 | D        | Reached skill level 5 in Dodging
    10 | D        | Reached skill level 15 in Unarmed Combat
    10 | D        | Reached XP level 15. HP: 89/115 MP: 15/15
    10 | D        | Reached ** piety under Makhleb
    10 | D        | Reached skill level 15 in Throwing
    10 | D        | Reached XP level 16. HP: 123/123 MP: 16/16
    12 | D        | Noticed a meat berserker
    13 | D        | Noticed a destroyer
    13 | D        | Noticed a meat berserker
    13 | D        | Noticed a large bag of meat
    13 | D        | Noticed a meat berserker
    14 | D        | Noticed a meat berserker
    14 | D        | Noticed a meat berserker
    15 | D        | Noticed a meat berserker
    15 | D        | Reached skill level 27 in Axes
    16 | D        | Killed a large bag of meat
    16 | D        | Reached skill level 15 in Armour
    16 | D        | Reached *** piety under Makhleb
    16 | D        | Reached XP level 17. HP: 135/135 MP: 17/17
    16 | D        | Killed a destroyer
    16 | D        | Reached skill level 27 in Fighting
    18 | D        | Noticed a meat berserker
    19 | D        | Noticed a meat berserker
    19 | D        | Killed a meat berserker
    19 | D        | Reached XP level 18. HP: 145/145 MP: 18/18
    19 | D        | Reached **** piety under Makhleb
    21 | D        | Noticed a destroyer
    22 | D        | Reached XP level 19. HP: 151/151 MP: 19/19
    22 | D        | Killed a meat berserker
    22 | D        | Reached skill level 27 in Throwing
    22 | D        | Reached skill level 10 in Dodging
    22 | D        | Reached skill level 27 in Unarmed Combat
    22 | D        | Killed a meat berserker
    22 | D        | Reached ***** piety under Makhleb
    22 | D        | Reached skill level 27 in Armour
    22 | D        | Reached skill level 15 in Dodging
    22 | D        | Reached XP level 20. HP: 157/157 MP: 20/20
    22 | D        | Killed a destroyer
    24 | D        | Killed a meat berserker
    24 | D        | Reached skill level 27 in Dodging
    24 | D        | Reached XP level 21. HP: 163/163 MP: 21/21
    24 | D        | Killed a meat berserker
    24 | D        | Killed a meat berserker
    24 | D        | Reached skill level 15 in Spellcasting
    24 | D        | Reached XP level 22. HP: 169/169 MP: 21/41
    25 | D        | Reached ****** piety under Makhleb
    27 | D        | Reached skill level 27 in Stealth
    27 | D        | Reached XP level 23. HP: 175/175 MP: 21/49
    29 | D        | Reached skill level 27 in Invocations
    29 | D        | Reached skill level 27 in Spellcasting
    31 | D        | Reached XP level 24. HP: 181/181 MP: 22/54
    35 | D        | Reached XP level 25. HP: 187/187 MP: 23/54
    39 | D        | Reached XP level 26. HP: 193/193 MP: 24/54
    48 | D        | Noticed a destroyer
    49 | D        | Killed a destroyer
    49 | D        | Reached XP level 27. HP: 199/199 MP: 27/54
    51 | D        | Noticed an accursed
    55 | D        | Noticed an accursed
    57 | D        | Noticed a tyrant
    59 | D        | Noticed The Captor
    60 | D        | Noticed a tyrant
    60 | D        | Killed an accursed
    61 | D        | Noticed a meat beast
    62 | D        | Noticed an accursed
    62 | D        | Killed an accursed
    66 | D        | Killed The Captor
    66 | D        | Killed a meat beast
    67 | D        | Noticed a destroyer
    70 | D        | Noticed a destroyer
    72 | D        | Killed an accursed
    72 | D        | Killed a destroyer
    74 | D        | Killed a destroyer
    76 | D        | Killed a tyrant
    79 | D        | Noticed an accursed
    80 | D        | Noticed a meat beast
    80 | D        | Noticed an accursed
    80 | D        | Noticed a meat beast
    80 | D        | Noticed a dread
    82 | D        | Noticed a tyrant
    83 | D        | Killed a meat beast
    85 | D        | Noticed a meat beast
    85 | D        | Killed a meat beast
    86 | D        | Noticed a dread
    87 | D        | Killed an accursed
    88 | D        | Killed a meat beast
    89 | D        | Killed a dread
    92 | D        | Noticed a destroyer
    93 | D        | HP: 6/199 [tyrant/the air (52)]
    97 | D        | Killed a tyrant
    99 | D        | Killed a tyrant
    99 | D        | Killed a destroyer
   103 | D        | Noticed The Defiler
   103 | D        | Noticed a tyrant
   105 | D        | Noticed a tyrant
   106 | D        | Killed a dread
   116 | D        | Killed an accursed
   117 | D        | Killed a tyrant
   118 | D        | Noticed a dread
   119 | D        | Killed a tyrant
   122 | D        | Noticed an accursed
   123 | D        | Killed a dread
   149 | D        | Noticed a tyrant
   149 | D        | Noticed a destroyer
   152 | D        | Killed a tyrant
   153 | D        | Noticed a fleshlord
   154 | D        | Killed a destroyer
   162 | D        | Noticed a fleshlord
   162 | D        | Noticed a fleshlord
   163 | D        | Killed a fleshlord
   164 | D        | Noticed a meat beast
   165 | D        | Noticed a meat beast
   165 | D        | Killed a fleshlord
   166 | D        | Noticed a destroyer
   167 | D        | Killed a meat beast
   168 | D        | Killed a fleshlord
   168 | D        | Killed a meat beast
   169 | D        | Noticed a dread
   170 | D        | Noticed a meat beast
   171 | D        | Noticed a meat beast
   173 | D        | Noticed a fleshlord
   173 | D        | Killed a meat beast
   174 | D        | Noticed an accursed
   175 | D        | Killed a meat beast
   175 | D        | XOM: mild Ice miscast
   176 | D        | Killed a destroyer
   177 | D        | Noticed The Meatlord
   177 | D        | Killed a dread
   179 | D        | Noticed a dread
   179 | D        | Killed a fleshlord
   180 | D        | Noticed a tyrant
   181 | D        | Noticed a destroyer
   182 | D        | Noticed a dread
   184 | D        | Killed an accursed
   187 | D        | Noticed a dread
   188 | D        | Killed a dread
   189 | D        | Noticed a tyrant
   190 | D        | Noticed a dread
   190 | D        | Killed The Meatlord
   190 | D        | Killed a destroyer
   191 | D        | Noticed a destroyer
   191 | D        | Noticed a fleshlord
   192 | D        | Killed from afar by a tyrant

Vault maps used:
D:        meatsprint

Skill      XL: |  1  2  3  4  5  6  7  8  9 10 11 12 13 14 15 16 17 18 19 20 21 22 23 |
---------------+----------------------------------------------------------------------+-----
Fighting       | 14 18 21 22 25 27 | 27.0
Axes           | 17 21 25 26 27 | 27.0
Throwing       | 9 12 14 15 17 22 25 27 | 27.0
Armour         | 9 11 13 14 16 19 21 27 | 27.0
Dodging        | 3 4 5 6 7 8 15 27 | 27.0
Unarmed Combat | 10 13 15 16 18 23 26 27 | 27.0
Stealth        | 19 27 | 27.0
Spellcasting   | 15 22 27 | 27.0
Invocations    | 17 25 27 | 27.0

Action                   |  1- 3 |  4- 6 |  7- 9 | 10-12 | 13-15 | 16-18 | 19-21 | 22-24 | 25-27 || total
-------------------------+-------+-------+-------+-------+-------+-------+-------+-------+-------++-------
Melee: Executioner's axe |     1 |       |       |     1 |     1 |     4 |     2 |     8 |    92 ||   109
  Use: Scroll            |       |       |       |       |       |     1 |       |       |       ||     1
       Potion            |       |       |       |       |       |       |       |       |     1 ||     1
Armor: Leather armour    |       |       |       |       |       |       |       |     3 |    28 ||    31
Dodge: Dodged            |       |       |       |       |     1 |     1 |       |     1 |    34 ||    37
